 Dungeon Crawl Stone Soup version 0.30-a0-989-g0d87f670db (webtiles) character file.

Game seed: 5602181025119308544

86 billz999 the Magician (level 4, -5/31 HPs)
             Began as a Djinni Ice Elementalist on Apr 3, 2023.
             Slain by a gnoll
             ... wielding a +0 flail
              (13 damage)
             ... on level 4 of the Dungeon.
             The game lasted 00:05:40 (2738 turns).

billz999 the Magician (Djinni Ice Elementalist)     Turns: 2738, Time: 00:05:41

Health: -5/31      AC:  3    Str:  7    XL:     4   Next: 77%
Gold:   131        EV: 12    Int: 18    God:
                   SH:  0    Dex: 14

rFire   + + .      SeeInvis .    b - +0 short sword (venom)
rCold   x . .      Faith    .    (no shield)
rNeg    . . .      Spirit   .    a - +0 robe
rPois   ∞          Reflect  .    e - +0 helmet
rElec   .          Rampage  .    (no cloak)
rCorr   .                        (no gloves)
Will    .....                    (boots unavailable)
Stlth   ++                       (no amulet)
HPRegen 0.25/turn                (no ring)
MPRegen 0.00/turn                (no ring)

@: flying, very slightly contaminated
A: sickness immunity, fire resistance 2, cold vulnerability 1, float, innate
caster, HP casting, extra vitality 1
a: no special abilities


You were on level 4 of the Dungeon.
You visited 1 branch of the dungeon, and saw 4 of its levels.

You collected 131 gold pieces.

Inventory:

Hand Weapons
 b - a +0 short sword of venom (weapon)
Armour
 a - a +0 robe (worn)
 e - a +0 helmet (worn)
Jewellery
 q - a +6 ring of dexterity
Scrolls
 c - a scroll of summoning
 f - a scroll of brand weapon
 g - a scroll of identify
 i - a scroll of silence {unknown}
 k - a scroll of torment {unknown}
 l - a scroll of acquirement {unknown}
 m - a scroll of blinking {unknown}
 n - a scroll of enchant weapon {unknown}
Potions
 d - 3 potions of resistance {unknown}
 h - 3 potions of degeneration {unknown}
 j - 4 potions of curing {unknown}
 o - 2 potions of mutation {unknown}
 p - a potion of heal wounds {unknown}


   Skills:
 - Level 2.6 Dodging
 - Level 2.0 Stealth
 + Level 4.3 Spellcasting


You knew the following spells:

 Your Spells              Type           Power      Damage    Failure   Level
a - Freeze                Ice            76%        1d8       2%          1
b - Frozen Ramparts       Ice            38%        1d6       8%          3
c - Ozocubu's Armour      Ice            19%        N/A       8%          3
d - Summon Ice Beast      Ice/Summ       19%        N/A       24%         4
e - Necrotise             Necr           76%        1d7       2%          1
Your spell library was empty.

Dungeon Overview and Level Annotations

Branches:
Dungeon (4/15)
 Temple: D:4-7

Altars:

Shops:
D:1 (=   D:2 (   D:3 *


Innate Abilities, Weirdness & Mutations

You are immune to sickness and miasma.
You are immune to poison.
Your flesh is very heat resistant. (rF++)
You are vulnerable to cold. (rC-)
You float through the air rather than walking.
You learn spells naturally, not from books.
Your magical power is your life essence.
You have superior vitality. (+4 MHP)


Message History

The ball python completely misses you.
You hit the ball python.
The ball python is poisoned.
The ball python is moderately wounded.
The ball python bites you but does no damage.
The ball python grabs you. The ball python constricts you.
You hit the ball python but do no damage.
The ball python looks as sick as possible!
The ball python is moderately wounded.
The ball python bites you but does no damage.
The ball python constricts you.
You closely miss the ball python.
The ball python is heavily wounded.
You kill the ball python!
Done exploring.
Done exploring.
(D) Dungeon
Where to? (Enter - D:4, ? - help)
What level of the Dungeon? (default 1, ? - help)
There is a stone staircase leading down here.
You fly downwards.
The gnoll shouts!
There is a stone staircase leading up here.
There are monsters nearby!
Unknown command.
Casting: Freeze (safe; 2% risk of failure)
Confirm with . or Enter, or press ? or * to list all spells.
The spell is quite dangerous to miscast (8% risk of failure)!
Continue anyway?
Uppercase [Y]es or [N]o only, please.
The spell is quite dangerous to miscast (8% risk of failure)!
Continue anyway?
Casting: Frozen Ramparts (quite dangerous; 8% risk of failure)
Press: ? - help, Dir - look around, f - activate A stone staircase leading up.
You miscast Frozen Ramparts.
You are very lightly contaminated with residual magic.
Heat is drained from your body!
You feel a terrible chill!
The gnoll shouts!
The gnoll hits you with a +0 spear! The gnoll hits you with a +0 flail.
* * * LOW HITPOINT WARNING * * *
The gnoll hits you with a +0 flail!
You die...

#.# #.# #.#
... #
######.#.#
....#.#.#
#gg.g.#####
#..@.......
##.........
##.#######
#.. ###


You could see 3 gnolls.

Vanquished Creatures
  3 adders
  3 dart slugs
  4 ball pythons
  5 bats
  3 endoplasms (D:2)
  6 giant cockroaches
  2 hobgoblins
  3 jackals (D:3)
  7 kobolds
  3 quokkas
  3 frilled lizards
  6 rats
48 creatures vanquished.

Notes
Turn   | Place    | Note
-------+----------+-------------------------------------------
     0 | D:1      | billz999 the Djinni Ice Elementalist began the quest for
                  | the Orb.
     0 | D:1      | billz999 set off with the following spells memorised:
                  | Freeze, Frozen Ramparts, Ozocubu's Armour, Summon Ice
                  | Beast.
     0 | D:1      | Reached XP level 1. HP: 15/15 MP: 0/0
    76 | D:1      | Reached XP level 2. HP: 12/21 MP: 0/0
   165 | D:1      | Found Gaulilos's One-of-a-Kind Rings.
   444 | D:1      | Found Sules's Weapon Shop.
   772 | D:2      | Reached XP level 3. HP: 14/25 MP: 0/0
   772 | D:2      | Learned a level 1 spell: Necrotise
  1175 | D:2      | Found Golohin's Antique Weapon Shop.
  1680 | D:2      | Reached XP level 4. HP: 31/31 MP: 0/0
  1917 | D:3      | Reached skill level 4 in Spellcasting
  2069 | D:3      | Found a faded altar of an unknown god.
  2190 | D:3      | Found Mesemp's Assorted Antiques.
  2738 | D:4      | Slain by a gnoll

Illustrated notes

Levels and vault maps discovered:
D:1:      scummos_arrival_simple_crosswalls, layout_loops_ring, serial_shops,
          nicolae_shop_bloodbath_and_beyond, skrybe_limestone_x,
          nicolae_shop_unique_rings
D:2:      kennysheep_big_flooded_room, layout_loops_ring, serial_shops,
          nicolae_shop_behind_doors, grunt_ministairs_1
D:3:      layout_basic, chequers_ecumenical_altar_island, serial_shops,
          nicolae_shop_stone
D:4:      layout_loops_ring

Skill      XL: |  1  2  3  4 |
---------------+-------------+-----
Stealth        | 2 |  2.0
Spellcasting   | 4 |  4.3
Dodging        | |  2.6

Action                     |  1- 3 |  4- 6 || total
---------------------------+-------+-------++-------
  Melee: Short sword       |    40 |    38 ||    78
   Cast: Freeze            |    33 |     3 ||    36
         Frozen Ramparts   |       |     1 ||     1
    Use: Scroll            |     1 |     2 ||     3
   Stab: Sleeping          |     1 |     2 ||     3
 Armour: Robe              |    13 |    11 ||    24
  Dodge: Dodged            |    34 |    27 ||    61

Table legend: (Time is in decaauts)
 A = Elapsed time spent in this place.
 B = Non-inter-level travel time spent in this place.
 C = Inter-level travel time spent in this place.
 D = Time resting spent in this place.
 E = Time spent auto-exploring this place.
 F = Levels seen in this place.
 G = Mean time per level.
                   A        B        C        D        E       F      G
               +--------+--------+--------+--------+--------+-----+--------+
         Total |   2736 |   2639 |     97 |    172 |   2102 |   4 |  684.0 |
       Dungeon |   2736 |   2639 |     97 |    172 |   2102 |   4 |  684.0 |
               +--------+--------+--------+--------+--------+-----+--------+

Top non-repeatable levels by time:
     D:2: 986 daAuts
     D:3: 982 daAuts
     D:1: 765 daAuts
     D:4: 1 daAuts
